AoeStats
← NarcoTeletubie

Lombardia

509693311Analyzed
3v3 RM · 5d ago on Sep 27, 2026· 76m 41s· 6 players
Game mode
Random Map
Map size
Normal (6 player)
Population
200
Speed
Normal
Resources
Standard
Victory
Conquest
Starting age
Dark Age
Ending age
Imperial Age
RankedLock teamsTeams togetherTeam positionsShared explorationLock speedFull tech treeHidden civsTurbo modeCheats
Victory
Defeat
🇺🇾 Burgundians · Uruguay
1121
+15
🇺🇾 Huns · Uruguay
1071
+17
🇺🇾 Celts · Uruguay
1007
+20
🇺🇸 Hindustanis · United States
1247
-24
🇺🇸 Italians · United States
1051
-15
🇺🇸 Georgians · United States
980
-13
Focanegra11
9:27 Feudal Age
10:34 Double-Bit Axe
10:46 Loom
11:22 Forging
11:54 Horse Collar
21:39 Castle Age
19:31 Gold Mining
20:00 Fletching
20:33 Bloodlines
21:28 Scale Barding Armor
21:24 Padded Archer Armor
22:16 Bodkin Arrow
23:26 Padded Archer Armor
23:59 Husbandry
27:32 Wheelbarrow
28:34 Ballistics
29:05 Chain Barding Armor
29:27 Thumb Ring
30:10 Heavy Plow
32:45 Hand Cart
33:00 Bow Saw
33:07 Bow Saw
35:08 Gold Shaft Mining
35:13 Leather Archer Armor
38:49 Imperial Age
37:35 Marauders
37:12 Light Cavalry
39:53 Iron Casting
39:20 Stone Mining
39:02 Hussar
40:09 Parthian Tactics
39:11 Heavy Cavalry Archer
40:18 Conscription
42:11 Caravan
43:54 Bracer
45:43 Plate Barding Armor
46:29 Blast Furnace
46:54 Two-Man Saw
47:35 Chemistry
47:54 Town Watch
53:23 Elite Skirmisher
57:05 Cavalier
59:17 Pikeman
60:12 Scale Mail Armor
60:14 Squires
60:16 Halberdier
63:06 Chain Mail Armor
64:12 Paladin
66:16 Paladin
66:56 Crossbowman
71:43 Elite Tarkan
73:37 Arson
73:38 Man-at-Arms
NarcoTeletubie
10:14 Loom
12:07 Feudal Age
13:09 Double-Bit Axe
13:06 Horse Collar
13:43 Gold Mining
22:12 Castle Age
21:15 Wheelbarrow
21:34 Scale Mail Armor
22:29 Stone Mining
23:45 Heavy Plow
24:22 Gold Shaft Mining
23:59 Bow Saw
23:32 Pikeman
28:16 Chain Mail Armor
28:25 Hand Cart
32:04 Arson
33:36 Stone Shaft Mining
36:22 Imperial Age
34:56 Forging
36:40 Heavy Scorpion
38:24 Chemistry
38:29 Furor Celtica
40:13 Ballistics
41:36 Plate Mail Armor
41:58 Halberdier
42:24 Gambesons
42:56 Siege Engineers
43:48 Murder Holes
53:25 Elite Woad Raider
56:18 Iron Casting
55:49 Scale Barding Armor
58:23 Man-at-Arms
61:58 Long Swordsman
65:33 Caravan
68:39 Capped Ram
70:52 Siege Ram
DiegoBS
4:51 Loom
11:40 Feudal Age
16:33 Castle Age
17:06 Double-Bit Axe
17:34 Scale Barding Armor
17:32 Scale Mail Armor
17:21 Horse Collar
18:50 Town Watch
20:13 Bow Saw
21:36 Heavy Plow
22:25 Husbandry
23:16 Cavalier
24:49 Chain Mail Armor
25:59 Town Patrol
29:44 Two-Man Saw
29:13 Light Cavalry
30:06 Forging
29:58 Stone Mining
30:07 Gold Mining
31:15 Wheelbarrow
30:32 Treadmill Crane
31:33 Stone Shaft Mining
33:38 Gold Shaft Mining
33:53 Crop Rotation
38:43 Imperial Age
37:21 Murder Holes
38:10 Iron Casting
37:25 Arson
38:16 Hand Cart
39:49 Conscription
38:53 Pikeman
39:54 Squires
40:23 Burgundian Vineyards
41:54 Halberdier
43:16 Paladin
45:44 Chemistry
45:08 Chain Barding Armor
44:59 Hussar
46:21 Hoardings
49:56 Masonry
50:07 Ballistics
49:39 Guard Tower
50:23 Plate Mail Armor
50:54 Blast Furnace
50:29 Plate Barding Armor
49:55 Padded Archer Armor
49:46 Fletching
50:00 Caravan
50:31 Coinage
50:12 Guilds
50:48 Sappers
56:58 Banking
65:01 Man-at-Arms
Lock::2nd_of_his_name
1:18 Loom
12:45 Feudal Age
13:19 Gold Mining
13:14 Double-Bit Axe
13:24 Double-Bit Axe
13:50 Horse Collar
20:59 Wheelbarrow
22:37 Stone Mining
25:36 Castle Age
23:52 Forging
23:42 Scale Mail Armor
23:12 Man-at-Arms
26:34 Pikeman
27:14 Squires
29:10 Bow Saw
29:52 Iron Casting
29:32 Chain Mail Armor
33:07 Heavy Plow
33:38 Scale Barding Armor
40:08 Imperial Age
39:35 Arson
40:21 Hand Cart
40:28 Caravan
40:31 Gambesons
41:57 Conscription
41:47 Aznauri Cavalry
42:46 Crop Rotation
42:12 Elite Monaspa
44:27 Plate Mail Armor
45:47 Cavalier
46:28 Husbandry
46:39 Bloodlines
46:10 Halberdier
49:25 Chain Barding Armor
50:06 Blast Furnace
51:45 Light Cavalry
54:00 Hussar
glenn "le poisson" hazdur
9:28 Loom
11:41 Feudal Age
12:33 Double-Bit Axe
12:32 Horse Collar
17:23 Wheelbarrow
21:05 Castle Age
19:33 Fletching
19:44 Padded Archer Armor
20:41 Stone Mining
20:45 Gold Mining
22:19 Heavy Plow
22:33 Bow Saw
23:07 Hand Cart
25:06 Leather Archer Armor
29:55 Bodkin Arrow
31:21 Ballistics
34:42 Thumb Ring
39:01 Imperial Age
37:18 Forging
37:09 Scale Mail Armor
37:45 Masonry
39:51 Iron Casting
39:31 Chain Mail Armor
40:08 Conscription
40:12 Silk Road
41:22 Chemistry
40:37 Caravan
42:51 Crop Rotation
43:24 Two-Man Saw
54:23 Pirotechnia
54:17 Pikeman
76:21 Architecture
Math Masterson
6:35 Loom
8:46 Feudal Age
10:35 Horse Collar
10:56 Double-Bit Axe
20:27 Castle Age
19:32 Gold Mining
21:14 Heavy Plow
21:27 Bow Saw
25:08 Wheelbarrow
26:15 Scale Barding Armor
28:06 Chain Barding Armor
29:55 Bloodlines
30:28 Husbandry
32:09 Hand Cart
31:39 Town Watch
33:46 Gold Shaft Mining
36:44 Imperial Age
34:55 Forging
35:18 Grand Trunk Road
35:47 Light Cavalry
36:46 Stone Mining
37:17 Padded Archer Armor
37:53 Iron Casting
36:46 Heavy Camel Rider
38:06 Plate Barding Armor
38:57 Iron Casting
38:35 Town Patrol
39:46 Chemistry
38:59 Masonry
38:33 Imperial Camel Rider
39:48 Conscription
39:59 Caravan
41:48 Blast Furnace
43:59 Leather Archer Armor
43:50 Shatagni
44:57 Siege Engineers
45:39 Ring Archer Armor
49:02 Fletching
71:54 Two-Man Saw
72:17 Hussar
Connection lost

Rejoining the realm…

Still unreachable

The connection could not be restored.

Session expired

The server has moved on; the page needs a fresh start.